NWL (28 & UNDER)
RED DEER WRANGLERS @ CULVER CITY EXTRAS
09/07/2026
 
TOP OF THE 1ST
Red Deer Wranglers batting - Pitching for Culver City Extras : LHP Phil Paul
Pitching: LHP Phil Paul
Batting: LHB Del Kennedy 0-0: Foul Ball, location: 2F
0-1: Ball
1-1: Ball
2-1: SINGLE (Groundball, 3D)
Batting: RHB Paul Swift 0-0: Ball
1-0: Called Strike
1-1: Ball
2-1: SINGLE (Line Drive, 7S)
Del Kennedy to second
Batting: LHB Greg Nelson 0-0: Swinging Strike
0-1: Called Strike
0-2: Ground out 5-3 (Groundball, 15S)
Del Kennedy to third
Paul Swift to second
Batting: RHB Todd Bryant 0-0: Fly out, F6 (Popup, 6S)
Batting: LHB Enrico Vargas 0-0: Ball
1-0: Called Strike
1-1: Foul Ball, location: 2F
1-2: Ball
2-2: Strikes out swinging
Top of the 1st over - 0 run(s), 2 hit(s), 0 error(s), 2 left on base; Red Deer 0 - Culver City 0
BOTTOM OF THE 1ST
Culver City Extras batting - Pitching for Red Deer Wranglers : RHP Ron Chapman
Pitching: RHP Ron Chapman
Batting: RHB Víctor Arredondo 0-0: Called Strike
0-1: Ball
1-1: Called Strike
1-2: Ball
2-2: Ground out 5-3 (Groundball, 56)
Batting: LHB Nick English 0-0: DOUBLE (Line Drive, 9LD)
Batting: RHB Jesús Hernández 0-0: Fly out, F3 (Popup, 3SF)
Batting: LHB Richard Bell 0-0: Called Strike
0-1: Ball
1-1: Ball
2-1: Foul Ball, location: 2F
2-2: Fly out, F7 (Flyball, 78XD)
Bottom of the 1st over - 0 run(s), 1 hit(s), 0 error(s), 1 left on base; Red Deer 0 - Culver City 0
TOP OF THE 2ND
Red Deer Wranglers batting - Pitching for Culver City Extras : LHP Phil Paul
Batting: LHB Fred Abrams 0-0: Called Strike
0-1: SINGLE (Line Drive, 8RS)
Batting: RHB Francisco López 0-0: Ball
1-0: Called Strike
1-1: Ball
2-1: Ball
3-1: Foul Ball, location: 2F
3-2: Foul Ball, location: 2F
3-2: Strikes out looking
Batting: RHB Carlos Peña 0-0: Called Strike
0-1: Ball
1-1: Fly out, F6 (Popup, 6M)
Batting: LHB Andrew Veeck 0-0: Ball
1-0: Called Strike
1-1: Called Strike
1-2: SINGLE (Groundball, 6M)
Fred Abrams to second
Runner from 2nd tries for 3rd, OUT!
Top of the 2nd over - 0 run(s), 2 hit(s), 0 error(s), 1 left on base; Red Deer 0 - Culver City 0
BOTTOM OF THE 2ND
Culver City Extras batting - Pitching for Red Deer Wranglers : RHP Ron Chapman
Batting: RHB Walton Smith 0-0: Hit by Pitch
Pinch Runner at 1st Lorne Witcher:
Batting: RHB Quincy Vance 0-0: Ball
1-0: Fly out, F9 (Flyball, 9LSF)
Batting: RHB Ben Alexander 0-0: Swinging Strike
0-1: Ball
1-1: Foul Ball, location: 2F
1-2: Foul Ball, location: 2F
1-2: Ball
2-2: Foul Ball, location: 2F
2-2: Foul Ball, location: 2F
2-2: Ball
3-2: SINGLE (Line Drive, 34D)
Lorne Witcher to second
Batting: RHB Horace Johnson 0-0: Ball
1-0: SINGLE (Groundball, 56D)
Lorne Witcher to third
Ben Alexander to second
Runner from 3rd tries for Home, SAFE, throw made home
Ben Alexander to third
Horace Johnson to second
Batting: RHB Jesús Gonzáles 0-0: Called Strike
0-1: Reached on error, E4 (Groundball, 34)
Ben Alexander scores
Horace Johnson scores
Batting: RHB Víctor Arredondo 0-0: SINGLE (Flyball, 8LS)
Jesús Gonzáles to third
Runner from 3rd tries for Home, SAFE, no throw or cutoff
Batting: LHB Nick English 0-0: Called Strike
0-1: Ball
Víctor Arredondo steals 2nd base
1-1: Ball
2-1: Swinging Strike
2-2: Fly out, F9 (Flyball, 9D)
Runner from 2nd tags up, SAFE at 3rd, no throw
Batting: RHB Jesús Hernández 0-0: Ball
1-0: Called Strike
1-1: SINGLE (Groundball, 4M)
Víctor Arredondo scores
Batting: LHB Richard Bell 0-0: Called Strike
0-1: Foul Ball, location: 2F
0-2: Foul Ball, location: 2F
0-2: Ball
Wild Pitch!
Jesús Hernández to second
1-2: Strikes out swinging
Bottom of the 2nd over - 5 run(s), 4 hit(s), 1 error(s), 1 left on base; Red Deer 0 - Culver City 5
TOP OF THE 3RD
Red Deer Wranglers batting - Pitching for Culver City Extras : LHP Phil Paul
Now at C: Lorne Witcher
Batting: LHB Del Kennedy 0-0: Ball
1-0: Ball
2-0: Ball
3-0: Base on Balls
Batting: RHB Paul Swift 0-0: Ball
1-0: Ball
2-0: Ball
3-0: Called Strike
3-1: Base on Balls
Del Kennedy to second
Batting: LHB Greg Nelson 0-0: Foul Ball, location: 2F
0-1: Foul Ball, location: 2F
0-2: Ball
1-2: Ball
2-2: Hit by Pitch
Del Kennedy to third
Paul Swift to second
Batting: RHB Todd Bryant 0-0: Ball
1-0: Ground out 5-3 (Groundball, 5S)
Del Kennedy scores
Paul Swift to third
Greg Nelson to second
Batting: LHB Enrico Vargas 0-0: Ball
1-0: Ball
2-0: Called Strike
2-1: Swinging Strike
2-2: Ball
3-2: Fly out, F9 (Flyball, 9LM)
Throwing error, E9
Paul Swift scores
Greg Nelson to third
Batting: LHB Fred Abrams 0-0: Ground out 4-3 (Groundball, 34)
Top of the 3rd over - 2 run(s), 0 hit(s), 1 error(s), 1 left on base; Red Deer 2 - Culver City 5
BOTTOM OF THE 3RD
Culver City Extras batting - Pitching for Red Deer Wranglers : RHP Ron Chapman
Batting: RHB Lorne Witcher 0-0: Called Strike
0-1: Ball
1-1: Called Strike
1-2: Strikes out looking
Batting: RHB Quincy Vance 0-0: Called Strike
0-1: Fly out, F6 (Popup, 6MD)
Batting: RHB Ben Alexander 0-0: Called Strike
0-1: Swinging Strike
0-2: Ball
1-2: Ball
2-2: Strikes out swinging
Bottom of the 3rd over - 0 run(s), 0 hit(s), 0 error(s), 0 left on base; Red Deer 2 - Culver City 5
TOP OF THE 4TH
Red Deer Wranglers batting - Pitching for Culver City Extras : LHP Phil Paul
Batting: RHB Francisco López 0-0: Called Strike
0-1: Ball
1-1: SINGLE (Line Drive, 4D)
Batting: RHB Carlos Peña 0-0: Ball
1-0: Ball
2-0: Foul Ball, location: 2F
2-1: Ball
3-1: Called Strike
3-2: Fielders Choice at 2nd, 6-4 (Groundball, 6)
Batting: LHB Andrew Veeck 0-0: Foul Ball, location: 2F
0-1: Ball
1-1: Swinging Strike
1-2: Ball
2-2: Foul Ball, location: 2F
2-2: Foul Ball, location: 2F
2-2: Ball
3-2: Strikes out swinging
Batting: LHB Del Kennedy 0-0: Ball
1-0: Ball
2-0: Ball
3-0: Called Strike
3-1: Base on Balls
Carlos Peña to second
Batting: RHB Paul Swift 0-0: Ball
1-0: Ball
2-0: Called Strike
2-1: Foul Ball, location: 2F
2-2: Ball
3-2: Base on Balls
Carlos Peña to third
Del Kennedy to second
Batting: LHB Greg Nelson 0-0: Ball
1-0: Ball
2-0: Swinging Strike
2-1: Swinging Strike
2-2: Ball
3-2: GRAND SLAM HOME RUN (Flyball, 9D), Distance : 389 ft
Batting: RHB Todd Bryant 0-0: SINGLE (Groundball, 6D)
Batting: LHB Enrico Vargas 0-0: Ball
1-0: Ball
2-0: Ball
Wild Pitch!
Todd Bryant to second
3-0: Base on Balls
Pitching: LHP Jesús Morán
Batting: LHB Fred Abrams 0-0: Ball
1-0: Ball
2-0: Called Strike
2-1: DOUBLE (Line Drive, 3D)
Todd Bryant scores
Enrico Vargas to third
Batting: RHB Francisco López 0-0: Ball
1-0: Swinging Strike
1-1: Ball
2-1: Ball
3-1: Base on Balls
Batting: RHB Carlos Peña 0-0: SINGLE (Groundball, 5L)
Enrico Vargas scores
Fred Abrams to third
Francisco López to second
Runner from 3rd tries for Home, SAFE, no throw or cutoff
Batting: LHB Andrew Veeck 0-0: Ball
1-0: Ball
2-0: Fly out, F7 (Flyball, 78M)
Top of the 4th over - 7 run(s), 5 hit(s), 0 error(s), 2 left on base; Red Deer 9 - Culver City 5
BOTTOM OF THE 4TH
Culver City Extras batting - Pitching for Red Deer Wranglers : RHP Ron Chapman
Batting: RHB Horace Johnson 0-0: Ball
1-0: Called Strike
1-1: Ball
2-1: Ball
3-1: Base on Balls
Batting: RHB Jesús Gonzáles 0-0: Ball
1-0: Hit by Pitch
Horace Johnson to second
Batting: RHB Víctor Arredondo 0-0: Called Strike
0-1: Ball
1-1: Ball
2-1: Ball
Wild Pitch!
Horace Johnson to third
Jesús Gonzáles to second
3-1: Foul Ball, location: 2F
3-2: SINGLE (Groundball, 56D) (infield hit)
Horace Johnson scores
Jesús Gonzáles to third
Batting: LHB Nick English 0-0: Ball
1-0: Ball
2-0: Ball
3-0: Called Strike
3-1: Fielders Choice at 2nd, 4-6 (Groundball, 34)
Jesús Gonzáles scores
Batting: RHB Jesús Hernández 0-0: Foul Ball, location: 2F
0-1: Ball
1-1: Fly out, F4 (Popup, 89S)
Batting: LHB Richard Bell 0-0: Called Strike
0-1: Ball
1-1: Ball
2-1: Called Strike
2-2: Foul Ball, location: 2F
2-2: Reached on Error, E7 (Flyball, 7M)
Nick English to third
Batting: RHB Lorne Witcher 0-0: Swinging Strike
0-1: Ball
1-1: Foul Ball, location: 2F
1-2: Fly out, F8 (Popup, 8LS)
Bottom of the 4th over - 2 run(s), 1 hit(s), 1 error(s), 2 left on base; Red Deer 9 - Culver City 7
TOP OF THE 5TH
Red Deer Wranglers batting - Pitching for Culver City Extras : LHP Jesús Morán
Batting: LHB Del Kennedy 0-0: Called Strike
0-1: Called Strike
0-2: Fly out, F8 (Popup, 4MD)
Batting: RHB Paul Swift 0-0: Ball
1-0: Foul Ball, location: 2F
1-1: Ball
2-1: Fly out, F4 (Popup, 4D)
Batting: LHB Greg Nelson 0-0: Ball
1-0: Ball
2-0: Ball
3-0: Base on Balls
Batting: RHB Todd Bryant 0-0: Ball
1-0: Foul Ball, location: 2F
1-1: Called Strike
1-2: Ball
2-2: Ball
3-2: Ground out 6-3 (Groundball, 6)
Top of the 5th over - 0 run(s), 0 hit(s), 0 error(s), 1 left on base; Red Deer 9 - Culver City 7
BOTTOM OF THE 5TH
Culver City Extras batting - Pitching for Red Deer Wranglers : RHP Ron Chapman
Batting: RHB Quincy Vance 0-0: Foul Ball, location: 2F
0-1: Called Strike
0-2: Ball
1-2: Ball
2-2: Reached on error, E4 (Groundball, 4)
Batting: RHB Ben Alexander 0-0: Called Strike
Single, Error in OF, E8, batter to second base
Quincy Vance to third
Batting: RHB Horace Johnson 0-0: Ball
1-0: Ball
2-0: Called Strike
2-1: Swinging Strike
2-2: Foul Ball, location: 2F
2-2: Ground out 5-3 (Groundball, 56)
Quincy Vance scores
Pitching: LHP Manuel Gil
Batting: RHB Jesús Gonzáles 0-0: Swinging Strike
0-1: Ball
1-1: Ball
2-1: Foul Ball, location: 2F
2-2: SINGLE (Groundball, 34)
Ben Alexander to third
Runner from 3rd tries for Home, SAFE, throw made home
Jesús Gonzáles to second
Batting: RHB Víctor Arredondo 0-0: Ball
1-0: DOUBLE (Popup, 5D)
Jesús Gonzáles scores
Batting: LHB Nick English 0-0: Ball
1-0: Ball
2-0: Fly out, F9 (Flyball, 9D)
Runner from 2nd tags up, SAFE at 3rd, no throw
Batting: RHB Jesús Hernández 0-0: Ball
1-0: Foul Ball, location: 2F
1-1: Called Strike
1-2: Ball
2-2: Ball
3-2: Base on Balls
Batting: LHB Richard Bell 0-0: SINGLE (Groundball, 34)
Víctor Arredondo scores
Jesús Hernández to second
Runner from 2nd tries for 3rd, SAFE, no throw or cutoff
Batting: RHB Lorne Witcher 0-0: Called Strike
0-1: Swinging Strike
0-2: Ground out 1-3 (Groundball, 13)
Bottom of the 5th over - 4 run(s), 4 hit(s), 2 error(s), 2 left on base; Red Deer 9 - Culver City 11
TOP OF THE 6TH
Red Deer Wranglers batting - Pitching for Culver City Extras : LHP Jesús Morán
Batting: LHB Enrico Vargas 0-0: Ball
1-0: Ball
2-0: Ball
3-0: Base on Balls
Batting: LHB Fred Abrams 0-0: Ball
1-0: Ball
2-0: Foul Ball, location: 2F
2-1: Ball
3-1: Foul Ball, location: 2F
3-2: Base on Balls
Enrico Vargas to second
Batting: RHB Francisco López 0-0: Ball
1-0: Swinging Strike
1-1: Swinging Strike
1-2: Strikes out looking
Pitching: RHP Sergio Romo
Batting: RHB Carlos Peña 0-0: Ball
1-0: Fly out, F8 (Flyball, 8RS)
Batting: LHB Andrew Veeck 0-0: Foul Ball, location: 2F
0-1: Foul Ball, location: 2F
0-2: Ball
1-2: Foul Ball, location: 2F
1-2: Foul Ball, location: 2F
1-2: Strikes out looking
Top of the 6th over - 0 run(s), 0 hit(s), 0 error(s), 2 left on base; Red Deer 9 - Culver City 11
BOTTOM OF THE 6TH
Culver City Extras batting - Pitching for Red Deer Wranglers : LHP Manuel Gil
Batting: RHB Quincy Vance 0-0: Called Strike
0-1: Ball
1-1: Called Strike
1-2: Strikes out swinging
Batting: RHB Ben Alexander 0-0: Ball
1-0: Ball
2-0: Ball
3-0: Base on Balls
Batting: RHB Horace Johnson 0-0: SINGLE (Groundball, 34D)
Ben Alexander to second
Runner from 2nd tries for 3rd, OUT!
Horace Johnson to second
Batting: RHB Jesús Gonzáles 0-0: Ball
1-0: Ball
2-0: Ball
3-0: Called Strike
3-1: Base on Balls
Pitching: RHP Eduardo Ramos
Batting: RHB Víctor Arredondo 0-0: Ball
1-0: Foul Ball, location: 2F
1-1: Ball
2-1: Called Strike
2-2: Strikes out swinging
Bottom of the 6th over - 0 run(s), 1 hit(s), 0 error(s), 2 left on base; Red Deer 9 - Culver City 11
TOP OF THE 7TH
Red Deer Wranglers batting - Pitching for Culver City Extras : RHP Sergio Romo
Batting: LHB Del Kennedy 0-0: Ball
1-0: Called Strike
1-1: Called Strike
1-2: Ball
2-2: Foul Ball, location: 2F
2-2: Foul Ball, location: 2F
2-2: SINGLE (Groundball, 15S) (infield hit)
Batting: RHB Paul Swift 0-0: Hit by Pitch
Del Kennedy to second
Batting: LHB Greg Nelson 0-0: Ball
1-0: Fly out, F6 (Popup, 6D)
Batting: RHB Todd Bryant 0-0: Ball
1-0: Fly out, F3 (Popup, 3F)
Batting: LHB Enrico Vargas 0-0: Called Strike
0-1: Ball
1-1: SINGLE (Line Drive, 8LS)
Del Kennedy to third
Paul Swift to second
Batting: LHB Fred Abrams 0-0: Swinging Strike
0-1: Ball
1-1: Foul Ball, location: 2F
1-2: Strikes out swinging
Top of the 7th over - 0 run(s), 2 hit(s), 0 error(s), 3 left on base; Red Deer 9 - Culver City 11
BOTTOM OF THE 7TH
Culver City Extras batting - Pitching for Red Deer Wranglers : RHP Eduardo Ramos
Batting: LHB Nick English 0-0: Ball
1-0: Fly out, F4 (Line Drive, 4)
Batting: RHB Jesús Hernández 0-0: Ball
1-0: Called Strike
1-1: Called Strike
1-2: Ball
2-2: Strikes out looking
Batting: LHB Richard Bell 0-0: Called Strike
0-1: Ball
1-1: Ball
2-1: Ball
3-1: Base on Balls
Batting: RHB Lorne Witcher 0-0: Called Strike
0-1: Ball
1-1: Swinging Strike
1-2: Foul Ball, location: 2F
1-2: Ball
2-2: Strikes out looking
Bottom of the 7th over - 0 run(s), 0 hit(s), 0 error(s), 1 left on base; Red Deer 9 - Culver City 11
TOP OF THE 8TH
Red Deer Wranglers batting - Pitching for Culver City Extras : RHP Sergio Romo
Batting: RHB Francisco López 0-0: Foul Ball, location: 2F
0-1: Swinging Strike
0-2: Ball
1-2: Strikes out swinging
Pitching: RHP Von Hicks
Batting: RHB Carlos Peña 0-0: Ball
1-0: Ball
2-0: Ground out 5-3 (Groundball, 5S)
Batting: LHB Andrew Veeck 0-0: Called Strike
0-1: Swinging Strike
0-2: Ball
1-2: Strikes out swinging
Top of the 8th over - 0 run(s), 0 hit(s), 0 error(s), 0 left on base; Red Deer 9 - Culver City 11
BOTTOM OF THE 8TH
Culver City Extras batting - Pitching for Red Deer Wranglers : RHP Eduardo Ramos
Batting: RHB Quincy Vance 0-0: Called Strike
0-1: Swinging Strike
0-2: Strikes out looking
Pitching: LHP Denny Welch
Batting: RHB Ben Alexander 0-0: Ball
1-0: Ground out 5-3 (Groundball, 5)
Batting: RHB Horace Johnson 0-0: Called Strike
0-1: Ball
1-1: Ball
2-1: SINGLE (Groundball, 6MD) (infield hit)
Batting: RHB Jesús Gonzáles 0-0: Called Strike
0-1: Fly out, F4 (Popup, 4M)
Bottom of the 8th over - 0 run(s), 1 hit(s), 0 error(s), 1 left on base; Red Deer 9 - Culver City 11
TOP OF THE 9TH
Red Deer Wranglers batting - Pitching for Culver City Extras : RHP Von Hicks
Pitching: RHP Alden Parker
Batting: LHB Del Kennedy 0-0: Swinging Strike
0-1: Ball
1-1: Ball
2-1: Foul Ball, location: 2F
2-2: Ball
3-2: Foul Ball, location: 2F
3-2: Base on Balls
Batting: RHB Paul Swift 0-0: Ball
1-0: Foul Ball, location: 2F
1-1: Ball
2-1: Ball
3-1: Foul Ball, location: 2F
3-2: Ground out 6-3 (Groundball, 6M)
Del Kennedy to second
Batting: LHB Greg Nelson 0-0: Foul Ball, location: 2F
0-1: Ball
1-1: Fly out, F6 (Line Drive, 6)
Batting: RHB Todd Bryant 0-0: Ball
1-0: Foul Ball, location: 2F
1-1: Swinging Strike
1-2: Foul Ball, location: 2F
1-2: Foul Ball, location: 2F
1-2: Ball
2-2: Foul Ball, location: 2F
2-2: Ball
3-2: Strikes out swinging
Top of the 9th over - 0 run(s), 0 hit(s), 0 error(s), 1 left on base; Red Deer 9 - Culver City 11
Monday, December 5th, 2016 - OOTP Baseball 17.12 Build 75